 Dungeon Crawl Stone Soup version 0.27.1-3-gb3d3a73c9e (webtiles) character file.

Game seed: 15798436048835262625

435 CuBeRJAN3 the Skirmisher (level 7, -2/44 HPs)
             Began as a Gargoyle Fighter on Oct 26, 2021.
             Slain by a gnoll (6 damage)
             ... on level 3 of the Dungeon.
             The game lasted 00:09:02 (4344 turns).

CuBeRJAN3 the Skirmisher (Gargoyle Fighter)         Turns: 4344, Time: 00:09:03

Health: -2/44      AC: 15    Str: 21    XL:     7   Next: 0%
Magic:  7/7        EV:  7    Int:  9    God:
Gold:   86         SH:  9    Dex:  9    Spells: 6/6 levels left

rFire    . . .     SeeInvis .   a - +0 flail
rCold    . . .     Faith    .   c - +0 kite shield
rNeg     + . .     Spirit   .   b - +0 scale mail
rPois    ∞         Reflect  .   m - +1 helmet
rElec    +         Harm     .   (no cloak)
rCorr    .         Rampage  .   g - +0 pair of gloves
Will     .....                  (no boots)
Stlth    ..........             (no amulet)
HPRegen  0.14/turn              (no ring)
MPRegen  0.10/turn              (no ring)

@: no status effects
A: sickness immunity, AC +4, negative energy resistance 1, electricity
resistance, torment resistance 1, petrification resistance
a: no special abilities


You were on level 3 of the Dungeon.
You visited 1 branch of the dungeon, and saw 3 of its levels.

You collected 86 gold pieces.

Inventory:

Hand Weapons
 a - a +0 flail (weapon)
Armour
 b - a +0 scale mail (worn)
 c - a +0 kite shield (worn)
 g - a +0 pair of gloves (worn)
 m - a +1 helmet (worn)
Scrolls
 e - a scroll of fog
 f - a scroll of summoning
 i - a scroll of magic mapping {unknown}
 j - a scroll of fear
 k - a scroll of enchant armour {unknown}
 n - a scroll of blinking {unknown}
 o - a scroll of teleportation {unknown}
Potions
 d - a potion of might
 h - a potion of invisibility {unknown}
 l - 2 potions of heal wounds {unknown}


   Skills:
 * Level 5.5 Fighting
 * Level 4.4 Maces & Flails
 + Level 4.5 Armour
 + Level 4.4 Shields


You had 6 spell levels left.
You didn't know any spells.
Your spell library was empty.

Dungeon Overview and Level Annotations

Branches:
Dungeon (3/15)

Altars:


Innate Abilities, Weirdness & Mutations

You are immune to sickness and miasma.
Your stone body is resilient. (AC +4)
You are immune to poison.
You resist negative energy. (rN+)
You are resistant to electric shocks. (rElec)
You are resistant to unholy torment.
You are immune to petrification.


Message History

The gnoll shaman is healed somewhat.
You thump the gnoll shaman!
You kill the gnoll shaman!
The gnoll hits you but does no damage.
You sock the gnoll!
The gnoll is heavily wounded.
The gnoll hits you but does no damage. You block the gnoll's attack.
You thump the gnoll!
You kill the gnoll!
The gnoll hits you but does no damage. x2
You have reached level 7!
Your shield prevents you from hitting the gnoll.
The gnoll hits you with a +0 flail.
The gnoll hits you from afar with a +1 halberd of freezing.
The gnoll freezes you. The gnoll hits you with a +0 flail.
The gnoll hits you with a +0 flail. The gnoll hits you with a +0 flail.
* * * LOW HITPOINT WARNING * * *
The gnoll closely misses you. The gnoll hits you with a +0 flail.
* * * LOW HITPOINT WARNING * * *
You block the gnoll's attack. The gnoll hits you with a +0 flail.
* * * LOW HITPOINT WARNING * * *
You block the gnoll's attack. The gnoll hits you but does no damage.
The gnoll hits you with a +0 flail.
* * * LOW HITPOINT WARNING * * *
You block the gnoll's attack.
Press: ? - help, v - describe, . - travel
Here: a gnoll, wielding a +0 flail (fast)
The floor.
Unknown command.
The gnoll hits you but does no damage. The gnoll barely misses you.
The gnoll closely misses you. The gnoll hits you but does no damage.
You block the gnoll's attack. The gnoll hits you with a +0 flail.
You die...

#.##...# #.......####..# #.....
#......#####..........#..###.....
..##.............##..##...###....
#................##..##.#.###.#..
#.#..............##..##.....#.#..
#.#....#########.##..####.#.#....
..#....# #.##.....#...####.
#......# #.###.##.##....##.
..##...# #@..)..#.##.....#.
#......# #g.).....###....#.
#.#.#.####### #.##.#...# #....#.
#†#.#.###...# #o##.###.# #....#.
#.#....##...####.##.###.# #....#.
..#.............g##.....###...##.
..#....#..............g.......##.
..#.####......................##.
..#.## #....................#.##.


You could see 2 gnolls and an orc.

Vanquished Creatures
  A kobold brigand (D:3)
  A water moccasin skeleton (D:2)
  A howler monkey (D:3)
  A gnoll shaman (D:3)
  A hound skeleton (D:2)
  9 gnolls
  3 adders
  A worm (D:2)
  10 orcs (D:3)
  8 bats
  3 endoplasms
  A giant cockroach (D:2)
  3 goblins
  8 hobgoblins
  37 jackals
  2 quokkas
  3 ball pythons
  4 frilled lizards
  4 kobolds
  2 rats
103 creatures vanquished.

Vanquished Creatures (others)
  12 plants
12 creatures vanquished.

Grand Total: 115 creatures vanquished

Notes
Turn   | Place    | Note
-------+----------+-------------------------------------------
     0 | D:1      | CuBeRJAN3 the Gargoyle Fighter began the quest for the Orb.
     0 | D:1      | Reached XP level 1. HP: 14/14 MP: 1/1
   273 | D:1      | Reached XP level 2. HP: 18/19 MP: 2/2
   885 | D:1      | Reached XP level 3. HP: 20/24 MP: 3/3
  1414 | D:2      | Found a faded altar of an unknown god.
  1457 | D:2      | Reached skill level 4 in Fighting
  1500 | D:2      | Reached XP level 4. HP: 23/29 MP: 4/4
  1906 | D:2      | Reached XP level 5. HP: 34/34 MP: 5/5
  3044 | D:3      | Reached skill level 5 in Fighting
  3044 | D:3      | Reached XP level 6. HP: 40/40 MP: 6/6
  4313 | D:3      | Reached XP level 7. HP: 36/44 MP: 7/7
  4344 | D:3      | Slain by a gnoll

Illustrated notes

Levels and vault maps discovered:
D:1:      saegor_arrival_simple_a, layout_loops_corners,
          minmay_misc_feat_square, minmay_tetromino_o4
D:2:      layout_basic, serial_forest, infiniplex_forest_clump_long,
          infiniplex_forest_straight_2, infiniplex_forest_fountain,
          infiniplex_forest_clump_curved, infiniplex_forest_clump_medium,
          infiniplex_forest_straight_2, infiniplex_forest_clump_tiny,
          infiniplex_forest_lined_2, infiniplex_forest_lined_2,
          hellmonk_ecumenical_altar_dog_temple
D:3:      lemuel_castle_with_subvaults [lemuel_castle_interior_carwin_2],
          layout_basic, gammafunk_temple_overflow_claw,
          minmay_misc_feat_nine_boxes

Skill      XL: |  1  2  3  4  5  6 |
---------------+-------------------+-----
Fighting       | 4 5 |  5.5
Maces & Flails | 3 4 |  4.4
Armour         | 4 |  4.5
Shields        | 4 |  4.4

Action                   |  1- 3 |  4- 6 |  7- 9 || total
-------------------------+-------+-------+-------++-------
Melee: Flail             |   140 |   307 |     1 ||   448
  Use: Scroll            |       |     3 |       ||     3
Armor: Scale mail        |   115 |   222 |     3 ||   340
Dodge: Dodged            |    65 |   103 |     3 ||   171
Block: Kite shield       |   100 |   203 |     4 ||   307
